 Dungeon Crawl Stone Soup version 0.20.1-1-g8b1a95d (webtiles) character file.

18 slep the Magician (level 2, -8/21 HPs)
             Began as a Demonspawn Wanderer on Oct 22, 2017.
             Mangled by Sigmund
             ... wielding a +0 scythe
              (9 damage)
             ... on level 2 of the Dungeon.
             The game lasted 00:05:35 (648 turns).

slep the Magician (Demonspawn Wanderer)              Turns: 648, Time: 00:05:36

Health: -8/21      AC:  5    Str: 12    XL:     2   Next: 51%
Magic:  5/5        EV: 10    Int: 13    God:
Gold:   42         SH:  0    Dex: 12    Spells: 6/6 levels left

rFire    . . .     SeeInvis .   h - +0 short sword
rCold    + . .     Gourm    .   (no shield)
rNeg     . . .     Faith    .   i - +0 ring mail
rPois    .         Spirit   .   (no helmet)
rElec    .         Reflect  .   (no cloak)
rCorr    .         Harm     .   (no gloves)
MR       .....                  (no boots)
Stlth    ..........             (no amulet)
Regen    0.1/turn               (no ring)
MPRegen  0.1/turn               (no ring)

@: confused
A: hooves 1, cold resistance 1, wild magic 1
a: no special abilities


You were on level 2 of the Dungeon.
You were not hungry.

You visited 1 branch of the dungeon, and saw 2 of its levels.

You collected 42 gold pieces.

Inventory:

Hand Weapons
 d - a +0 club
 e - a +0 dagger
 h - a +0 short sword (weapon)
Armour
 c - a +0 robe
 i - a +0 ring mail (worn)
Scrolls
 g - 2 scrolls of identify {unknown}
 m - a scroll of amnesia {unknown}
 n - a scroll of remove curse {unknown}
Potions
 b - a potion of curing
 j - a potion of resistance {unknown}
 k - 2 potions of flight
Books
 a - a book of Minor Magic

   Spells                             Type                      Level
   a - Magic Dart                     Conjuration                  1
   b - Blink                          Translocation                2
   c - Call Imp                       Summoning                    2
   d - Slow                           Hexes                        2
   e - Conjure Flame                  Conjuration/Fire             3
   f - Mephitic Cloud                 Conjuration/Poison/Air       3
Comestibles
 f - a bread ration
 l - a chunk of flesh


   Skills:
 + Level 1.2 Fighting
 + Level 0.3 Short Blades
   Level 1.0 Bows
 + Level 1.0 Throwing
 + Level 1.0 Armour
 + Level 1.1 Stealth
 + Level 2.6 Spellcasting
   Level 1.0 Charms
   Level 1.7 Air Magic


You had 6 spell levels left.
You didn't know any spells.

Dungeon Overview and Level Annotations

Branches:
Dungeon (2/15)

Altars:

Annotations:
D:2 Sigmund


Innate Abilities, Weirdness & Mutations

Your flesh is cold resistant. (rC+)
You have large cloven feet.
Your spells are a little harder to cast, but a little more powerful.


Message History

Deactivating autopickup; reactivate with Ctrl-A.
The goblin closely misses you.
You hit something. You kick something. The goblin barely misses you.
Something hits you.
* * * LOW HITPOINT WARNING * * *
You don't know any spells.
You barely miss something. The goblin closely misses you.
You hear some strange, mumbled words.
A puff of flame appears from out of thin air!
The puff of flame hits you!
* * * LOW HITPOINT WARNING * * *
You barely miss something. You kick something. The goblin barely misses you.
You hear some strange, mumbled words.
You are confused.
You closely miss the goblin. You kick the goblin.
The goblin is severely wounded.
The goblin hits you.
* * * LOW HITPOINT WARNING * * *
Something hits you!
You die...

###
#..
#.#
#g#
#@#
#{#
#.#
#.#
..#
###


You could see a goblin.

Vanquished Creatures
  A dart slug (D:1)
  2 hobgoblins (D:1)
  7 kobolds (D:1)
  A ball python (D:1)
  2 bats (D:1)
  A frilled lizard (D:1)
  2 goblins (D:1)
  3 rats (D:1)
19 creatures vanquished.

Notes
Turn   | Place    | Note
-------+----------+-------------------------------------------
     0 | D:1      | slep the Demonspawn Wanderer began the quest for the Orb.
     0 | D:1      | slep set off with: a book of Minor Magic, a potion of curing, a +0 robe, a +0 club, a bread ration
     0 | D:1      | Reached XP level 1. HP: 15/15 MP: 3/3
   203 | D:1      | Gained mutation: You passively map a small area around you. [potion of mutation]
   203 | D:1      | Gained mutation: Your spells are a little harder to cast, but a little more powerful. [potion of mutation]
   203 | D:1      | Lost mutation: You passively map a small area around you. [potion of mutation]
   203 | D:1      | Gained mutation: You have large cloven feet. [potion of mutation]
   283 | D:1      | Gained mutation: Your flesh is cold resistant. (rC+) [demonic ancestry]
   283 | D:1      | Reached XP level 2. HP: 16/21 MP: 5/5
   637 | D:2      | Noticed Sigmund
   648 | D:2      | HP: 1/21 [goblin (2)]
   648 | D:2      | Mangled by Sigmund

Action                   || total
-------------------------++-------
Melee: Club              ||    20
       Short sword       ||    50
       Kick              ||    13
       Dagger            ||     2
  Use: Potion            ||     2
 Stab: Sleeping          ||     1
Armor: Robe              ||     4
       Ring mail         ||     8
Dodge: Dodged            ||    38
